 Dungeon Crawl Stone Soup version 0.20.0-7-g3b7b877 (webtiles) character file.

2104 Jerry the Cleaver (level 9, -16/79 HPs)
             Began as a Hill Orc Fighter on May 29, 2017.
             Killed from afar by Erica (24 damage)
             ... with a bolt of poison
             ... on level 8 of the Dungeon.
             The game lasted 00:12:50 (5388 turns).

Jerry the Cleaver (Hill Orc Fighter)                Turns: 5388, Time: 00:12:50

Health: -16/79     AC: 16    Str: 22    XL:     9   Next: 28%
Magic:  9/9        EV:  5    Int:  8    God:
Gold:   202        SH: 10    Dex: 10    Spells: 8/8 levels left

rFire    . . .     SeeInvis .   a - +0 war axe
rCold    . . .     Gourm    .   c - +0 shield
rNeg     . . .     Faith    .   w - +0 plate armour
rPois    .         Spirit   .   (no helmet)
rElec    .         Reflect  .   k - +1 cloak
rCorr    .         Harm     .   g - +0 pair of gloves
MR       .....                  (no boots)
Stlth    ..........             (no amulet)
Regen    0.3/turn               D - ring of flight
MPRegen  0.2/turn               (no ring)

@: lethally poisoned (-16 -> -58)
A: no striking features
a: Evoke Flight


You were on level 8 of the Dungeon.
You were hungry.

You visited 1 branch of the dungeon, and saw 8 of its levels.

You collected 279 gold pieces.
You spent 77 gold pieces at shops.

Inventory:

Hand Weapons
 a - a +0 war axe (weapon)
Armour
 c - a +0 shield (worn)
 g - a +0 pair of gloves (worn)
 k - a +1 cloak (worn)
 w - a +0 plate armour (worn)
Jewellery
 D - a ring of flight (left hand)
Wands
 t - a wand of confusion (22/48)
 x - a wand of flame (26/48)
Scrolls
 b - a scroll of fear {unknown}
 e - 4 scrolls of identify
 j - 5 scrolls of blinking {unknown}
 o - 6 scrolls of teleportation
 r - 2 scrolls of immolation {unknown}
 s - a scroll of remove curse {unknown}
 v - a scroll of amnesia {unknown}
 y - a scroll of enchant armour {unknown}
 z - a scroll of random uselessness {unknown}
 A - a scroll of enchant weapon {unknown}
 C - a scroll of recharging {unknown}
 E - 2 scrolls of magic mapping {unknown}
Potions
 d - a potion of might
 i - a potion of heal wounds
 l - 2 potions of brilliance
 m - a potion of resistance
 q - 2 potions of curing
 u - a potion of ambrosia
 B - a potion of flight
Books
 G - a book of Power

   Spells                             Type                      Level
   a - Iskenderun's Battlesphere      Conjuration/Charms           5
   b - Venom Bolt                     Conjuration/Poison           5
   c - Bolt of Magma                  Conjuration/Fire/Earth       5
   d - Iron Shot                      Conjuration/Earth            6
   e - Orb of Destruction             Conjuration                  7
   f - Spellforged Servitor           Conjuration/Summoning        7
Comestibles
 f - 3 bread rations
 h - 5 meat rations
 n - a fruit
 p - a royal jelly
 F - 2 chunks of flesh


   Skills:
 + Level 7.4 Fighting
 * Level 10.2 Axes
 + Level 6.4 Armour
 + Level 6.8 Shields


You had 8 spell levels left.
You didn't know any spells.

Dungeon Overview and Level Annotations

Branches:
Dungeon (9/15)               Lair (0/6) D:8
 Temple: D:4-7          Orc: D:9-12

Altars:

Shops:
D:4 (%?*?   D:5 =

Annotations:
D:8 Erica


Message History

You are more poisoned.
Your plate armour prevents you from hitting something.
You feel sick.
You hear some strange, mumbled words.
A bolt of poison appears from out of thin air!
The bolt of poison hits you!
You are lethally poisoned!
* * * LOW HITPOINT WARNING * * *
Your shield and plate armour prevent you from hitting something.
* * * LOW HITPOINT WARNING * * *
You feel very sick. Something hits you but does no damage.
Your shield and plate armour prevent you from hitting something.
* * * LOW HITPOINT WARNING * * *
You feel sick.
You hear some strange, mumbled words.
A bolt of poison appears from out of thin air!
The bolt of poison hits you!
You are more poisoned.
You die...

#.##.# #####..#.#######
..........).....
####.#)##.#####.
##....##.#####.
#...........##.
##....##.##.##.
###########....##.##.##.
......{@.......##.......
..######$#.....#####.###
#.#.###.# #.# ....# #.#
#.# #...?# #.# #.##
#....###.#####..#
#.##............# #.
#####.....##.# #
#####.##.#


There were no monsters in sight!

Vanquished Creatures
  Pikel (D:8)
  Psyche (D:8)
  Sigmund (D:4)
  An ice beast (D:5)
  A slave (D:8)
  3 centaurs
  2 ogres (D:5)
  A bullfrog (D:9)
  2 scorpions
  2 crimson imps
  A hound (D:4)
  An orc priest (D:5)
  4 orc wizards
  Jessica (D:2)
  A centaur skeleton (D:9)
  An iguana (D:8)
  A worker ant (D:5)
  A hound zombie (D:8)
  7 adders
  A shadow imp (D:5)
  A worm (D:3)
  2 dart slugs
  10 leopard geckos
  19 orcs
  2 ball pythons (D:4)
  6 giant cockroaches
  7 goblins
  10 hobgoblins
  2 jackals (D:4)
  2 quokkas
  11 bats
  8 frilled lizards
  8 kobolds
  A quokka skeleton (D:4)
  11 rats
  A plant (D:1)
135 creatures vanquished.

Vanquished Creatures (others)
  A goblin (D:2)
1 creature vanquished.

Grand Total: 136 creatures vanquished

Notes
Turn   | Place    | Note
-------+----------+-------------------------------------------
     0 | D:1      | Jerry the Hill Orc Fighter began the quest for the Orb.
     0 | D:1      | Reached XP level 1. HP: 19/19 MP: 1/1
   137 | D:1      | Reached XP level 2. HP: 26/27 MP: 2/2
   175 | D:1      | Reached skill level 3 in Axes
   435 | D:1      | Reached XP level 3. HP: 33/33 MP: 3/3
  1025 | D:2      | Noticed Jessica
  1040 | D:2      | Killed Jessica
  1040 | D:2      | Reached skill level 4 in Axes
  1040 | D:2      | Reached XP level 4. HP: 34/40 MP: 4/4
  1599 | D:2      | You fall through a shaft for 2 floors!
  1699 | D:4      | Reached XP level 5. HP: 47/47 MP: 5/5
  1704 | D:4      | Found Luzir's Magic Scroll Shoppe.
  1711 | D:4      | Bought a scroll of identify for 22 gold pieces
  1711 | D:4      | Bought a scroll of teleportation for 33 gold pieces
  1711 | D:4      | Bought a scroll of identify for 22 gold pieces
  1729 | D:4      | Found Coethos's General Store.
  1778 | D:4      | Noticed Sigmund
  1787 | D:4      | Killed Sigmund
  1787 | D:4      | Reached skill level 5 in Fighting
  1787 | D:4      | Reached skill level 5 in Axes
  1787 | D:4      | Reached XP level 6. HP: 55/56 MP: 6/6
  1954 | D:4      | Found Guicam's Magic Scroll Boutique.
  1991 | D:4      | Reached skill level 6 in Axes
  3198 | D:3      | Reached XP level 7. HP: 58/61 MP: 7/7
  3313 | D:4      | Found Zidaas's Antique Weapon Boutique.
  3352 | D:4      | Found Esoydaf's Food Shoppe.
  3681 | D:5      | Entered Level 5 of the Dungeon
  3804 | D:5      | Reached skill level 5 in Shields
  3913 | D:5      | Reached skill level 7 in Axes
  3972 | D:5      | Reached skill level 5 in Armour
  3978 | D:5      | Found Cutsyf's Jewellery Shoppe.
  4064 | D:5      | Reached XP level 8. HP: 46/70 MP: 8/8
  4352 | D:5      | Reached skill level 8 in Axes
  4591 | D:6      | You fall through a shaft for 3 floors!
  4997 | D:8      | Noticed Pikel
  5020 | D:8      | Killed Pikel
  5020 | D:8      | Reached skill level 9 in Axes
  5020 | D:8      | Reached XP level 9. HP: 63/79 MP: 9/9
  5172 | D:8      | Found a staircase to the Lair.
  5227 | D:8      | Noticed Psyche
  5249 | D:8      | Killed Psyche
  5249 | D:8      | Reached skill level 10 in Axes
  5351 | D:8      | Noticed Erica
  5388 | D:8      | Killed from afar by Erica

Skill      XL: |  1  2  3  4  5  6  7  8  9 |
---------------+----------------------------+-----
Fighting       | 4 5 7 |  7.4
Axes           | 3 4 5 6 7 9 10 | 10.2
Armour         | 4 5 6 |  6.4
Shields        | 4 5 6 |  6.8

Action                   |  1- 3 |  4- 6 |  7- 9 || total
-------------------------+-------+-------+-------++-------
Melee: War axe           |   111 |   242 |   244 ||   597
  Use: Potion            |       |     1 |     1 ||     2
       Scroll            |       |       |     6 ||     6
  Eat: Chunk             |     1 |     6 |     8 ||    15
Armor: Scale mail        |    59 |    76 |       ||   135
       Plate armour      |       |    56 |   119 ||   175
Dodge: Dodged            |    27 |    71 |    26 ||   124
Block: Shield            |    54 |   124 |   108 ||   286
